 Dungeon Crawl Stone Soup version 0.29.1-12-g30fa7ad0bf (webtiles) character file.

Game seed: 378756004853847758

10579 concernfroge the Spear-Bearer (level 11, 0/96 HPs)
             Began as a Mummy Monk on Dec 19, 2022.
             Was a Priest of Ashenzari.
             Slain by an anaconda simulacrum (6 damage)
             ... in an ice cave.
             The game lasted 00:55:32 (12283 turns).

concernfroge the Spear-Bearer (Mummy Monk)         Turns: 12283, Time: 00:55:34

Health: 0/96       AC: 14    Str: 16    XL:     11   Next: 38%
Magic:  11/11      EV:  8    Int: 10    God:    Ashenzari [***...]
Gold:   970        SH:  0    Dex: 17    Spells: 10/10 levels left

rFire   x . .      SeeInvis +   b - +3 halberd
rCold   + + .      Faith    .   (shield currently unavailable)
rNeg    + + +      Spirit   .   E - +1 scale mail {rC+}
rPois   ∞          Reflect  .   k - +2 helmet of the Eternal Gloom {Range, Comp} (curse)
rElec   .          Harm     .   t - +0 cloak "Bound With Me" {Range, Comp} (curse)
rCorr   +          Rampage  .   C - +2 pair of gloves
Will    +....      Clarity  +   (no boots)
Stlth   +.........              q - amulet "Gaze Upon Infinity" {Acrobat, Fort, Self} (curse)
HPRegen 0.26/turn               g - ring of Panopticon {rCorr, Comp, Range} (curse)
MPRegen 0.12/turn               n - ring "Share My Submission" {Slay+4, Self, Cun} (curse)

@: constricted
A: cold resistance 1, negative energy resistance 3, torment resistance 2, heat
vulnerability 1, in touch with death 1, no potions
a: Renounce Religion, Curse Item, Shatter the Chains


You were in an ice cave.
You worshipped Ashenzari.
Ashenzari was most pleased with you.
You visited 2 branches of the dungeon, and saw 12 of its levels.
You also visited: Ice Cave.

You collected 970 gold pieces.

Inventory:

Hand Weapons
 a - a +0 trident
 b - a +3 halberd (weapon)
Missiles
 d - 22 poisoned darts
 i - 4 boomerangs
 r - 2 javelins (quivered)
Armour
 e - a +5 ring mail of fire resistance
 k - the cursed +2 helmet of the Eternal Gloom (worn) {Range, Comp}
   (You took it off Robin on level 3 of the Dungeon)

   It has a curse which improves the following skills: Ranged Combat: Ranged
   Weapons and Throwing.
   Companions: Summonings and Necromancy.
 t - the cursed +0 cloak "Bound With Me" (worn) {Range, Comp}
   (You found it on level 6 of the Dungeon)

   It has a curse which improves the following skills: Ranged Combat: Ranged
   Weapons and Throwing.
   Companions: Summonings and Necromancy.
 C - a +2 pair of gloves (worn)
 E - a +1 scale mail of cold resistance (worn)
Jewellery
 g - the cursed ring of Panopticon (left hand) {rCorr, Comp, Range}
   (You found it on level 2 of the Dungeon)

   [ring of resist corrosion]

   rCorr:     It protects you from acid and corrosion.
   It has a curse which improves the following skills: Companions: Summonings
   and Necromancy.
   Ranged Combat: Ranged Weapons and Throwing.
 l - a ring of fire
 n - the cursed ring "Share My Submission" (right hand) {Slay+4, Self, Cun}
   (You found it on level 4 of the Dungeon)

   [ring of slaying]

   Slay:      It affects your accuracy & damage with ranged weapons and melee
   (+4).
   It has a curse which improves the following skills: Introspection: Fighting
   and Spellcasting.
   Cunning:   Dodging and Stealth.
 q - the cursed amulet "Gaze Upon Infinity" (around neck) {Acrobat, Fort, Self}
   (You found it on level 3 of the Dungeon)

   [amulet of the acrobat]

   It increases your evasion while moving and waiting.
   It has a curse which improves the following skills: Fortitude: Armour and
   Shields.
   Introspection: Fighting and Spellcasting.
Wands
 c - a wand of roots (10)
 p - a wand of polymorph (14)
 u - a wand of paralysis (3)
 z - a wand of digging (9)
 A - a wand of flame (7)
Scrolls
 f - 3 scrolls of fog
 h - 2 scrolls of noise
 j - a scroll of poison
 m - a scroll of torment
 o - 2 scrolls of fear
 s - 2 scrolls of summoning
 v - a scroll of enchant armour
 w - a scroll of blinking
 x - a scroll of amnesia
 y - a scroll of enchant weapon
 B - 2 scrolls of teleportation
 D - a scroll of magic mapping


   Skills:
 - Level 10.0(12.4) Fighting
 + Level 12.8 Polearms
 - Level 2.1(4.5) Throwing
 - Level 2.4(3.7) Dodging
 - Level 1.5(2.7) Stealth
 - Level 2.0 Evocations


You had 10 spell levels left.
You didn't know any spells.
Your spell library contained the following spells:

 Spells                   Type           Power      Damage    Failure   Level
 Necrotise                Necr           4%         1d4       75%         1
 Foxfire                  Conj/Fire      0%         2x1d4     82%         1
 Slow                     Hex            0%         N/A       82%         1
 Static Discharge         Conj/Air       0%         3-3/arc   91%         2
 Summon Guardian Golem    Hex/Summ       0%         N/A       98%         3
 Vampiric Draining        Necr           1%         2d6       98%         3
 Confusing Touch          Hex            0%         N/A       99%         3
 Conjure Flame            Conj/Fire      0%         6-21      99%         3
 Ignite Poison            Fire/Tmut/Pois 0%         N/A       99%         3
 Inner Flame              Hex/Fire       0%         N/A       99%         3
 Tukima's Dance           Hex            0%         N/A       99%         3
 Flame Wave               Conj/Fire      0%         2d4       100%        4
 Passage of Golubria      Tloc           0%         N/A       100%        4
 Sticky Flame             Conj/Fire      0%         2d3       100%        4
 Agony                    Necr           1%         N/A       100%        5
 Lightning Bolt           Conj/Air       0%         1d11      100%        5
 Yara's Violent Unravell  Hex/Tmut       0%         3d3       100%        5
 Orb of Destruction       Conj           0%         9d5       100%        7
 Spellforged Servitor     Conj/Summ      0%         N/A       100%        7
 Summon Hydra             Summ           0%         N/A       100%        7
 Maxwell's Capacitive Co  Air            0%         ∞         100%        8
 Sublimation of Blood     Necr           Unusable   N/A       N/A         2
 Wereblood                Tmut           Unusable   N/A       N/A         2

Dungeon Overview and Level Annotations

Branches:
Dungeon (11/15)            Temple (1/1) D:5            Lair (0/5) D:10
  IceCv (1/1)
    Orc: D:9-12

Altars:
Ashenzari
Cheibriados
Dithmenos
Fedhas
Gozag
Hepliaklqana
Kikubaaqudgha
Makhleb
Nemelex Xobeh
Okawaru
Qazlal
Ru
Sif Muna
Trog
Uskayaw
Vehumet
Wu Jian
Xom
Yredelemnul

Shops:
D:5 :

Annotations:
D:5 2 runed translucent doors, PorkyPig's ghost, novice GrCj
D:6 3 runed translucent doors, pix2112's ghost, novice HOFi


Innate Abilities, Weirdness & Mutations

You are immune to poison.
Your flesh is cold resistant. (rC+)
You are immune to negative energy. (rN+++)
You are immune to unholy pain and torment.
You are vulnerable to heat. (rF-)
You are in touch with the powers of death.
You do not drink.


Message History

The anaconda simulacrum grabs you.
The anaconda simulacrum closely misses you.
The anaconda simulacrum constricts you.
Aiming: Fastroot
Press: ? - help, Shift-Dir - straight line, f/p - white ugly thing
Aim: a white ugly thing (moderately wounded)
The roots erupt in riotous growth!
Roots grab the white ugly thing.
The anaconda simulacrum is unaffected.
Roots grab the anaconda simulacrum.
The grasping roots constrict the anaconda simulacrum!
The anaconda simulacrum vaporises!
The grasping roots constrict the white ugly thing.
The grasping roots constrict the anaconda simulacrum!
The white ugly thing claws you but does no damage.
The anaconda simulacrum bites you!
* * * LOW HITPOINT WARNING * * *
The anaconda simulacrum freezes you. You resist.
* * * LOW HITPOINT WARNING * * *
The anaconda simulacrum constricts you.
* * * LOW HITPOINT WARNING * * *
You escape the anaconda simulacrum's grasp.
The grasping roots constrict the white ugly thing.
The grasping roots constrict the anaconda simulacrum.
The roots release their grip on the anaconda simulacrum.
The white ugly thing struggles to escape constriction.
Aiming: Fastroot
Press: ? - help, Shift-Dir - straight line, f/p - white ugly thing
Aim: a white ugly thing (heavily wounded, constricted by roots)
The roots erupt in riotous growth!
The white ugly thing is unaffected.
Roots grab the anaconda simulacrum.
The grasping roots constrict the white ugly thing.
The grasping roots constrict the anaconda simulacrum.
The roots release their grip on the white ugly thing.
The anaconda simulacrum barely misses you.
The anaconda simulacrum bites you but does no damage.
The anaconda simulacrum grabs you. The anaconda simulacrum bites you.
* * * LOW HITPOINT WARNING * * *
The anaconda simulacrum freezes you. You resist.
You die...

### ############# ### ..##
##..!..#.....## *..:)
...###.....[#......## .....
....#.......#.......#......,*
.∩............(.@Z(........,
....#.......#....u.○#......
...###......#......## .....
..## ##.....#.....## *..$$
### ############# * ###


You could see a white ugly thing and an anaconda simulacrum (rooted).

Vanquished Creatures
  An ugly thing (IceCv)
  A cyclops (D:10)
  3 ice statues (IceCv)
  A komodo dragon (D:7)
  A kobold demonologist (D:9)
  A rime drake (D:10)
  An anaconda simulacrum (IceCv)
  4 trolls
  A slime creature (D:10)
  2 hornets
  10 yaks
  A steam dragon (D:9)
  A death yak simulacrum (IceCv)
  A water moccasin (D:6)
  An acid dragon (D:11)
  2 ice beasts
  2 black bears
  3 orc warriors (D:10)
  2 sky beasts
  2 ogres (D:5)
  5 centaurs
  A phantom (D:6)
  A bullfrog (D:8)
  2 kobold brigands
  3 gnoll sergeants
  A necrophage (D:4)
  3 cane toad simulacra (IceCv)
  4 scorpions
  16 wights
  2 elephant simulacra (IceCv)
  11 killer bees
  A howler monkey (D:7)
  3 hounds
  2 jellies
  4 orc priests
  Jessica (D:3)
  An iguana (D:4)
  Ijyb (D:3)
  Natasha (twice) (D:2)
  Terence (D:2)
  4 orc wizards
  2 polar bear simulacra (IceCv)
  Robin (D:3)
  11 gnolls
  5 adders
  A white imp (D:6)
  3 worms
  A dart slug (D:1)
  14 orcs
  10 ball pythons
  5 bats
  4 endoplasms
  4 giant cockroaches
  12 goblins
  5 hobgoblins
  3 quokkas (D:1)
  5 frilled lizards
  17 kobolds
  2 rats (D:1)
215 creatures vanquished.

Vanquished Creatures (others)
  3 fungi (D:6)
  7 plants
10 creatures vanquished.

Grand Total: 225 creatures vanquished

Notes
Turn   | Place    | Note
-------+----------+-------------------------------------------
     0 | D:1      | concernfroge the Mummy Monk began the quest for the Orb.
     0 | D:1      | Reached XP level 1. HP: 18/18 MP: 1/1
   268 | D:1      | Reached XP level 2. HP: 24/24 MP: 2/2
   999 | D:2      | Found a faded altar of an unknown god.
  1235 | D:2      | Identified the +2 ring mail of the Stone Wall {Harm rF-
                  | SInv}
  1254 | D:2      | Gained mutation: You are in touch with the powers of death.
                  | [Mummy growth]
  1254 | D:2      | Reached XP level 3. HP: 10/30 MP: 3/3
  1477 | D:2      | Noticed Terence
  1486 | D:2      | Killed Terence
  1724 | D:2      | Reached skill level 5 in Fighting
  1724 | D:2      | Reached XP level 4. HP: 38/39 MP: 4/4
  1747 | D:2      | Found a sparkling altar of Nemelex Xobeh.
  1869 | D:2      | Noticed Natasha
  1881 | D:2      | Killed Natasha
  2326 | D:2      | Noticed Natasha
  2333 | D:2      | Killed Natasha
  2334 | D:2      | Reached XP level 5. HP: 46/46 MP: 5/5
  2401 | D:3      | Noticed Robin
  2409 | D:3      | Killed Robin
  2600 | D:3      | Noticed Ijyb
  2967 | D:3      | Noticed a black bear
  3318 | D:4      | Noticed Eustachio
  3410 | D:3      | Killed Ijyb
  3623 | D:3      | Noticed Jessica
  3628 | D:3      | Killed Jessica
  3704 | D:3      | Found a burning altar of Makhleb.
  3791 | D:3      | Reached XP level 6. HP: 53/53 MP: 6/6
  3848 | D:5      | Entered Level 5 of the Dungeon
  3864 | D:5      | Found a staircase to the Ecumenical Temple.
  3873 | Temple   | Entered the Ecumenical Temple
  3979 | Temple   | Became a worshipper of Ashenzari the Shackled
  4019 | D:5      | Noticed an ice beast
  4049 | D:5      | Killed an ice beast
  4131 | D:4      | Reached * piety under Ashenzari
  4393 | D:4      | Reached skill level 1 in Throwing
  4393 | D:4      | Reached XP level 7. HP: 59/61 MP: 7/7
  4427 | D:4      | Noticed Eustachio
  4427 | D:4      | Eustachio changed into Eustachio the endoplasm
  4429 | D:4      | Killed Eustachio the endoplasm
  4433 | D:4      | Identified the +4 long sword of Division {drain, +Blink rF-
                  | rCorr}
  5038 | D:5      | Found a runed translucent door.
  5047 | D:5      | Noticed PorkyPig's ghost (novice GrCj)
  5082 | D:5      | Found Damilyto's Tremendous Tomes.
  5171 | D:5      | Found a runed translucent door.
  5309 | D:5      | Noticed Blork the orc
  5314 | D:5      | Noticed Blork
  5314 | D:5      | Blork the orc changed into Blork the endoplasm
  5315 | D:5      | Killed Blork the endoplasm
  5404 | D:6      | Reached XP level 8. HP: 72/72 MP: 8/8
  5487 | D:5      | Reached skill level 10 in Fighting
  5531 | D:6      | Reached skill level 3 in Polearms
  5644 | D:6      | Reached ** piety under Ashenzari
  5772 | D:6      | Found a runed translucent gate.
  5773 | D:6      | Found a runed translucent gate.
  5773 | D:6      | Noticed a kobold demonologist
  5774 | D:6      | Found a runed translucent gate.
  5778 | D:6      | Noticed pix2112's ghost (novice HOFi)
  6134 | D:7      | Noticed a troll
  6263 | D:7      | Reached skill level 4 in Polearms
  6327 | D:7      | Noticed a hornet
  6406 | D:7      | Killed a hornet
  6407 | D:7      | Reached skill level 5 in Polearms
  6422 | D:7      | Noticed a komodo dragon
  6433 | D:7      | Reached skill level 1 in Evocations
  6443 | D:7      | Killed a komodo dragon
  6444 | D:7      | Reached XP level 9. HP: 11/81 MP: 9/9
  6835 | D:7      | Reached skill level 6 in Polearms
  6958 | D:7      | Killed a troll
  7421 | D:7      | Noticed a troll
  7425 | D:7      | Killed a troll
  7426 | D:7      | Reached skill level 7 in Polearms
  7462 | D:7      | Found a sparkling altar of Nemelex Xobeh.
  7462 | D:7      | Found a transporter.
  7463 | D:7      | Noticed an eight-headed hydra
  7911 | D:8      | Reached skill level 8 in Polearms
  8188 | D:8      | Found an ancient bone altar of Kikubaaqudgha.
  8307 | D:8      | Reached XP level 10. HP: 73/88 MP: 10/10
  8433 | D:8      | Reached skill level 9 in Polearms
  8479 | D:8      | Reached *** piety under Ashenzari
  9396 | D:9      | Reached skill level 10 in Polearms
  9976 | D:9      | Reached skill level 11 in Polearms
 10356 | D:10     | Entered Level 10 of the Dungeon
 10545 | D:10     | Found a staircase to the Lair.
 10653 | D:10     | Noticed a two-headed ogre
 10654 | D:10     | a two-headed ogre changed into a rime drake
 10755 | D:10     | Found a shadowy altar of Dithmenos.
 10768 | D:10     | Noticed a cyclops
 10776 | D:10     | Reached XP level 11. HP: 93/96 MP: 11/11
 10868 | D:10     | Found a bloodstained altar of Trog.
 10870 | D:10     | Found a hide-covered altar of Uskayaw.
 10985 | D:10     | Reached skill level 12 in Polearms
 11407 | D:11     | Found a frozen archway.
 11414 | IceCv    | Entered an ice cave
 11525 | IceCv    | Noticed a white ugly thing
 11576 | IceCv    | Killed a white ugly thing
 12039 | IceCv    | Noticed a white ugly thing
 12283 | IceCv    | Slain by an anaconda simulacrum

Illustrated notes

Levels and vault maps discovered:
D:1:      dpeg_arrival_rhombus, layout_loops_ring
D:2:      minmay_kobold_bridge, layout_basic, basic_ecumenical_altar,
          basic_altar, minmay_tripent, uniq_natasha, uniq_terence
D:3:      layout_basic, lightli_temple_of_fire, chequers_mini_garden,
          uniq_jessica, uniq_ijyb, uniq_robin
D:4:      layout_gridville, serial_forest, infiniplex_forest_clump_C,
          infiniplex_forest_lined_corner, infiniplex_forest_lined_1,
          infiniplex_forest_corner_2, infiniplex_forest_clump_long,
          uniq_eustachio
D:5:      layout_rooms, minmay_temple_entry_sparse_star, ebering_ghost_sewer_f,
          nicolae_shop_i_like_big_books, uniq_blork_the_orc
D:6:      layout_cave_pools, gammafunk_ghost_nasty_kobolds
D:7:      layout_basic, grunt_nemelex_the_gamble
D:8:      layout_cave_pods, mainiacjoe_overflow_catwalk
D:9:      layout_small_grid
D:10:     layout_rooms, jmf_multi_god_temple, nicolae_overflow_hidden_temple,
          dpeg_oklobed_lair, minivault_20
D:11:     layout_gridville, serial_ice, serial_ice_f, serial_ice_d,
          serial_ice_a, serial_ice_l, portal_ice_cave_entry_pillars_2,
          lemuel_zombie_altar_yredelemnul
Temple:   eino_wide_crystal_templ
IceCv:    ice_cave_statue_garden_chambered

Skill      XL: |  1  2  3  4  5  6  7  8  9 10 11 |
---------------+----------------------------------+-----
Fighting       | 4 5 6 7 9 10 | 10.0
Throwing       | 1 2 |  2.1
Polearms       | 5 8 11 12 | 12.8
Evocations     | 2 |  2.0
Dodging        | |  2.4
Stealth        | |  1.5

Action                   |  1- 3 |  4- 6 |  7- 9 | 10-12 || total
-------------------------+-------+-------+-------+-------++-------
Melee: Spear             |    42 |       |       |       ||    42
       Punch             |     3 |     2 |     1 |       ||     6
       Trident           |       |   188 |    29 |       ||   217
       Halberd           |       |       |   153 |   279 ||   432
 Fire: Sling             |    47 |    15 |       |       ||    62
Throw: Boomerang         |       |    11 |     2 |    21 ||    34
       Dart              |       |       |    27 |    27 ||    54
       Stone             |       |       |    35 |       ||    35
       Throwing net      |       |       |     2 |       ||     2
       Javelin           |       |       |     6 |     3 ||     9
Invok: Curse Item        |       |     2 |     2 |     1 ||     5
Evoke: Wand              |       |       |    11 |    11 ||    22
  Use: Scroll            |     3 |    10 |     7 |       ||    20
 Stab: Sleeping          |     4 |       |     1 |     3 ||     8
       Paralysed         |       |       |    12 |     3 ||    15
Armor: Robe              |     8 |       |       |       ||     8
       Leather armour    |     5 |       |       |       ||     5
       Chain mail        |       |   126 |    48 |       ||   174
       Ring mail         |       |       |    66 |    49 ||   115
       Scale mail        |       |       |       |    73 ||    73
Dodge: Dodged            |    34 |    65 |   105 |   170 ||   374
